 Dungeon Crawl Stone Soup version 0.27-a0-1559-g299f9947c5 (webtiles) character file.

Game seed: 6440344317781888221

39 Lemonice the Skirmisher (level 3, 0/29 HPs)
             Began as a Formicid Abyssal Knight on July 16, 2021.
             Was a Follower of Lugonu.
             Succumbed to an adder's poison
             ... on level 2 of the Dungeon.
             The game lasted 00:02:50 (1358 turns).

Lemonice the Skirmisher (Formicid Abyssal Knight)   Turns: 1358, Time: 00:02:50

Health: 0/29       AC:  3    Str: 17    XL:     3   Next: 67%
Magic:  5/5        EV: 11    Int: 11    God:    Lugonu [*.....]
Gold:   44         SH:  0    Dex: 10    Spells: 2/2 levels left

rFire    . . .     SeeInvis +   a - +1 hand axe
rCold    . . .     Faith    .   (no shield)
rNeg     . . .     Spirit   .   b - +0 leather armour
rPois    .         Reflect  .   (helmet unavailable)
rElec    .         Harm     .   (no cloak)
rCorr    .         Rampage  .   (no gloves)
Will     .....                  (no boots)
Stlth    +.........             (no amulet)
HPRegen  0.09/turn              (no ring)
MPRegen  0.09/turn              (no ring)

@: lethally poisoned (0 -> -5), attractive
A: permanent stasis, dig shafts and tunnels, antennae 3, four strong arms
a: Dig, Shaft Self, Renounce Religion, Depart the Abyss


You were on level 2 of the Dungeon.
You worshipped Lugonu.
Lugonu was aware of your devotion.
You visited 1 branch of the dungeon, and saw 2 of its levels.
You visited the Abyss 1 time.

You collected 44 gold pieces.

Inventory:

Hand Weapons
 a - a +1 hand axe (weapon)
Armour
 b - a +0 leather armour (worn)
Scrolls
 c - a scroll of vulnerability {unknown}
Potions
 e - a potion of heal wounds {unknown}
 f - a potion of curing {unknown}
 g - 2 potions of brilliance {unknown}
 h - 3 potions of magic {unknown}


   Skills:
 + Level 3.6 Fighting
 * Level 2.7 Axes
 + Level 2.7 Armour
 - Level 1.0 Dodging
 + Level 2.7 Invocations


You had 2 spell levels left.
You didn't know any spells.
Your spell library was empty.

Dungeon Overview and Level Annotations

Branches:
Dungeon (2/15)

Altars:


Innate Abilities, Weirdness & Mutations

You cannot be hasted, slowed, berserked, paralysed or teleported.
You can dig through walls and to a lower floor.
You have a pair of large antennae on your head. (SInv)
Your four strong arms can wield two-handed weapons with a shield.


Message History

You hit the adder but do no damage.
You feel sick. The adder closely misses you.
You barely miss the adder.
The adder is moderately wounded.
You feel sick. The adder closely misses you.
The adder bites you but does no damage.
You hit the adder.
The adder is heavily wounded.
You feel sick. The adder closely misses you.
You barely miss the adder.
The adder is heavily wounded.
You feel sick. The adder misses you. The adder bites you but does no damage.
The rat closely misses you.
You closely miss the adder.
The adder is heavily wounded.
You hit the rat.
You kill the rat!
Lugonu accepts your kill.
You feel sick.
You are no longer poisoned.
The adder misses you.
You hit the adder.
The adder is severely wounded.
The adder bites you.
* * * LOW HITPOINT WARNING * * *
You are poisoned.
The adder poisons you! The adder bites you.
* * * LOW HITPOINT WARNING * * *
You are lethally poisoned!
The adder poisons you!
You miss the adder.
The adder is severely wounded.
* * * LOW HITPOINT WARNING * * *
You feel very sick. The adder bites you.
* * * LOW HITPOINT WARNING * * *
Unknown command.
It was a potion of attraction.
You feel attractive to monsters.
You die...

......#.#.#......
........##.....#.#.#....(.
........+ ................
........# .....#.#.#......
........# ## #....#......
........# #.).## #+###
........# #####.#.#
........###.....#.#
........S@......#..
#######........###.#
#......### .. #......# #..
#.)....# .. ........#
.......### ........#
#########


You could see an adder.

Vanquished Creatures
  A dart slug (D:1)
  3 endoplasms
  A giant cockroach (D:2)
  5 goblins (D:1)
  3 hobgoblins (D:1)
  A quokka (D:1)
  2 ball pythons (D:1)
  7 bats (D:1)
  7 kobolds
  5 rats
35 creatures vanquished.

Notes
Turn   | Place    | Note
-------+----------+-------------------------------------------
     0 | Abyss:1  | Lemonice the Formicid Abyssal Knight began the quest for
                  | the Orb.
     0 | Abyss:1  | Reached XP level 1. HP: 18/18 MP: 2/2
     0 | Abyss:1  | Found a corrupted altar of Lugonu.
    71 | Abyss:1  | Found a corrupted altar of Lugonu.
   100 | D:1      | Escaped the Abyss
   234 | D:1      | Reached skill level 1 in Dodging
   395 | D:1      | Reached XP level 2. HP: 24/24 MP: 3/3
   475 | D:1      | Reached * piety under Lugonu
   668 | D:1      | Found a faded altar of an unknown god.
   736 | D:1      | Reached XP level 3. HP: 29/29 MP: 4/4
  1357 | D:2      | HP: 1/29 [adder (2)]
  1358 | D:2      | Succumbed to an adder's poison

Illustrated notes

Levels and vault maps discovered:
D:1:      dpeg_arrival_castle, layout_basic, shapermc_ecumenical_altar_pompeii
D:2:      layout_basic

Skill      XL: |  1 |
---------------+----+-----
Dodging        | 1 |  1.0
Fighting       | |  3.6
Axes           | |  2.7
Armour         | |  2.7
Invocations    | |  2.7

Action                   || total
-------------------------++-------
Melee: Hand axe          ||   104
Invok: Depart the Abyss  ||     1
  Use: Potion            ||     1
Armor: Leather armour    ||    40
Dodge: Dodged            ||    89

Table legend: (Time is in decaauts)
 A = Elapsed time spent in this place.
 B = Non-inter-level travel time spent in this place.
 C = Inter-level travel time spent in this place.
 D = Time resting spent in this place.
 E = Time spent auto-exploring this place.
 F = Levels seen in this place.
 G = Mean time per level.
                   A        B        C        D        E       F      G
               +--------+--------+--------+--------+--------+-----+--------+
         Total |   1378 |   1338 |     40 |      0 |   1068 |   3 |  459.3 |
       Dungeon |   1278 |   1238 |     40 |      0 |    969 |   2 |  639.0 |
         Abyss |    100 |    100 |      0 |      0 |     99 |   1 |  100.0 |
               +--------+--------+--------+--------+--------+-----+--------+

Top non-repeatable levels by time:
     D:1: 1156 daAuts
     D:2: 121 daAuts
 Abyss:1: 100 daAuts
